 Dungeon Crawl Stone Soup version 0.23.2-1-ga50397a6bc (webtiles) character file.

Game seed: 11026160119453715097

46345 Mrkan the Brawler (level 14, -2/144 HPs)
             Began as a Troll Monk on May 16, 2019.
             Was the Champion of Yredelemnul.
             Shot with an arrow by a centaur warrior (32 damage)
             ... on level 13 of the Dungeon.
             The game lasted 00:49:56 (15106 turns).

Mrkan the Brawler (Troll Monk)                     Turns: 15106, Time: 00:49:57

Health: -2/144     AC: 12    Str: 22    XL:     14   Next: 4%
Magic:  21/21      EV: 10    Int: 10    God:    Yredelemnul [******]
Gold:   1675       SH:  0    Dex: 12    Spells: 13/13 levels left

rFire    + + .     SeeInvis .     - Unarmed
rCold    + + .     Gourm    +   (no shield)
rNeg     . . .     Faith    .   k - +2 robe {rC+ rF+}
rPois    .         Spirit   .   (helmet restricted)
rElec    .         Reflect  .   h - scarf {rC+ rF+}
rCorr    .         Harm     .   (gloves unavailable)
MR       ++...                  (boots unavailable)
Stlth    ++........             n - amulet of regeneration
HPRegen  1.14/turn              p - +4 ring of protection
MPRegen  0.17/turn              G - ring of protection from magic

@: hasted, studying Fighting, lightly drained, very quick
A: large, unfitting armour, claws 3, fast metabolism 3, gourmand, regeneration
1, shaggy fur 1, tough skin 3
a: Recall Undead Slaves, Injury Mirror, Animate Dead, Drain Life, Enslave Soul,
Renounce Religion


You were on level 13 of the Dungeon.
You worshipped Yredelemnul.
Yredelemnul was exalted by your worship.
You were not hungry.

You visited 2 branches of the dungeon, and saw 19 of its levels.

You collected 1675 gold pieces.

Inventory:

Hand Weapons
 j - a +5 club
 D - a +0 giant spiked club
 I - a +2 morningstar of protection
 U - a +2 triple sword of protection
 W - the +4 hunting sling "Niben" {venom, Dex+2, unknown}
   (You found it on level 3 of the Lair of Beasts)

   It poisons the ammo it fires.
   It affects your dexterity (+2).
Missiles
 y - 13 large rocks (quivered)
Armour
 h - a scarf of resistance (worn)
 k - a +2 robe of resistance (worn)
 O - a +0 troll leather armour
Jewellery
 a - a cursed ring of teleportation {unknown}
 n - an amulet of regeneration (around neck)
 p - a +4 ring of protection (left claw)
 G - a ring of protection from magic (right claw)
Wands
 c - a wand of iceblast (8)
 u - a wand of paralysis (7)
 F - a wand of acid (18)
 N - a wand of enslavement (18)
 P - a wand of clouds (6)
 V - a wand of random effects (11)
 Y - a wand of disintegration (13)
Scrolls
 f - 6 scrolls of remove curse
 i - 3 scrolls of fog {unknown}
 l - 3 scrolls of blinking {unknown}
 o - 6 scrolls of enchant weapon
 q - 12 scrolls of teleportation
 r - 6 scrolls of amnesia
 B - 3 scrolls of enchant armour {unknown}
 H - 4 scrolls of magic mapping
 J - 2 scrolls of immolation {unknown}
 L - 4 scrolls of identify
 M - 3 scrolls of noise {unknown}
 Q - a scroll of holy word {unknown}
 S - a scroll of summoning {unknown}
 T - 2 scrolls of fear {unknown}
 X - 3 scrolls of brand weapon {unknown}
Potions
 d - 5 potions of flight
 e - 2 potions of brilliance
 g - 4 potions of resistance
 m - 2 potions of agility {unknown}
 s - 5 potions of might
 t - a potion of ambrosia {unknown}
 v - 5 potions of haste
 w - a potion of experience {unknown}
 x - 8 potions of lignification
 z - 4 potions of mutation
 A - 11 potions of degeneration
 C - 2 potions of heal wounds
 E - 2 potions of curing
 K - a potion of cancellation {unknown}
 R - a potion of berserk rage {unknown}
Books
 Z - a manual of Fighting
Comestibles
 b - 27 rations


   Skills:
 + Level 10.8(10.7) Fighting
 - Level 2.4(2.3) Dodging
 - Level 1.0(0.9) Stealth
 * Level 16.8(16.7) Unarmed Combat
 + Level 11.1(11.0) Invocations


You had 13 spell levels left.
You didn't know any spells.
Your spell library contained the following spells:

 Spells                   Type           Power        Failure   Level  Hunger
 Corona                   Hex            #......      36%         1    ##.....
 Freeze                   Ice            #...         36%         1    ##.....
 Magic Dart               Conj           #...         36%         1    ##.....
 Blink                    Tloc           N/A          50%         2    ###....
 Call Imp                 Summ           #.......     50%         2    ###....
 Ensorcelled Hibernation  Hex/Ice        #.....       50%         2    ###....
 Searing Ray              Conj           #.....       50%         2    ###....
 Slow                     Hex            #.......     50%         2    ###....
 Throw Flame              Conj/Fire      #.....       50%         2    ###....
 Confuse                  Hex            #.......     75%         3    ####...
 Conjure Flame            Conj/Fire      #.......     75%         3    ####...
 Dazzling Spray           Conj/Hex       #.....       75%         3    ####...
 Mephitic Cloud           Conj/Pois/Air  #.......     75%         3    ####...
 Tukima's Dance           Hex            #.......     75%         3    ####...
 Force Lance              Conj/Tloc      #.......     98%         4    #####..
 Fulminant Prism          Conj/Hex       #.........   98%         4    #####..
 Iskenderun's Mystic Bla  Conj           #.......     98%         4    #####..
 Sticky Flame             Conj/Fire      #.......     98%         4    #####..
 Summon Lightning Spire   Summ/Air       #.......     98%         4    #####..
 Irradiate                Conj/Tmut      #.........   100%        5    ######.
 Silence                  Hex/Air        #.........   100%        5    ######.
 Conjure Ball Lightning   Conj/Air       #.........   100%        6    #######
 Deflect Missiles         Chrm/Air       #.........   100%        6    #######
 Freezing Cloud           Conj/Ice/Air   #.........   100%        6    #######
 Hydra Form               Tmut           #.........   100%        6    #######
 Statue Form              Tmut/Erth      #........    100%        6    #######
 Dragon Form              Tmut           #.........   100%        7    #######
 Spellforged Servitor     Conj/Summ      #.........   100%        7    #######
 Tornado                  Air            #.........   100%        9    #######


Dungeon Overview and Level Annotations

Branches:
Dungeon (13/15)            Temple (0/1) D:6            Lair (6/6) D:9
  Swamp (0/4) Lair:3        Snake (0/4) Lair:3        Slime (0/5) Lair:5
    Orc (0/2) D:12
 Vaults: D:13-14

Altars:
Cheibriados
Kikubaaqudgha
Makhleb
Okawaru
Sif Muna
Wu Jian
Yredelemnul
Jiyva

Shops:
D:4 *

Annotations:
Lair:6 4 runed translucent doors, Gargoyl's ghost, journeyman CeAK; Toogi's ghost, novice FeFE


Innate Abilities, Weirdness & Mutations

You are too large for most types of armour.
You have claws for hands.
Your metabolism is lightning-fast.
You like to eat raw meat.
Your natural rate of healing is unusually fast.
You are covered in fur. (AC +1)
You have extremely tough skin. (AC +3)


Message History

Something hits you but does no damage. Something hits you.
* * * LOW HITPOINT WARNING * * *
Something hits you.
* * * LOW HITPOINT WARNING * * *
Something hits you.
* * * LOW HITPOINT WARNING * * *
You scratch something but do no damage. Something hits you.
* * * LOW HITPOINT WARNING * * *
You mangle something!! Yredelemnul accepts your kill.
Reactivating autopickup.
You feel a bit more experienced.
The centaur warrior shoots an arrow.
The arrow completely misses you.
The centaur warrior shoots an arrow.
The arrow hits you!
* * * LOW HITPOINT WARNING * * *
You see here an arrow.
The centaur warrior shoots an arrow.
The arrow hits you!!
You die...
Your body rises from the dead as a mindless zombie.

#..##z## #.W.# #.#
#z####z## #..## ..
##.# #..#####.# #z##
##..†.##..# #.#
#).##.....## #.#
#^.###.....#
#.####..# ##....#
##.....###...^....#
##......@.###....#
#......### #......
#.....## #...#..
##....# #...##.
#....# #..# ....##
## ##...## ##.#
#...#. #.###l..[#
####..## #..!.#
#(#.c...###......##
#.>.#.
#.(...............##
#...##


You could see a centaur warrior and a komodo dragon.

Vanquished Creatures
  A centaur warrior (D:13)
  A two-headed ogre (D:8)
  3 death yaks (Lair:6)
  2 unseen horrors
  A lindwurm (Lair:6)
  Pikel (D:7)
  2 cyclopes
  A deep elf mage (D:13)
  2 ugly things
  Joseph (D:8)
  2 elephants (Lair:6)
  5 black mambas
  A gargoyle (D:8)
  3 torpor snails (Lair:6)
  8 spiny frogs
  A rime drake (Lair:6)
  A kobold demonologist (D:13)
  An efreet (D:13)
  A komodo dragon (Lair:1)
  2 polar bears (Lair:1)
  A meliai (D:13)
  Grinder (D:3)
  A tyrant leech (Lair:6)
  A bog body (Lair:3)
  6 hornets (Lair:6)
  A blink frog (Lair:6)
  4 dream sheep (Lair:5)
  8 hippogriffs
  2 redbacks (Lair:6)
  6 wyverns
  14 yaks
  A basilisk (Lair:6)
  A naga (Lair:3)
  An acid dragon (D:13)
  3 swamp worms (Lair:3)
  5 porcupines
  9 water moccasins
  A swamp drake (D:12)
  3 sky beasts
  2 ice beasts
  4 ogres
  3 orc warriors
  3 slaves (D:7)
  An eye of draining (D:11)
  7 wolves
  2 centaurs
  5 crocodiles
  3 big kobolds
  11 bullfrogs
  5 scorpions
  A wight (D:13)
  3 howler monkeys
  An electric eel (Lair:3)
  3 crimson imps
  A bullfrog zombie (D:5)
  A centaur zombie (D:11)
  5 orc wizards
  8 orc priests
  5 hounds
  A jelly (D:8)
  2 centaur skeletons
  Crazy Yiuf (D:3)
  Jessica (D:2)
  2 iguanas
  Ijyb (D:3)
  Natasha (twice) (D:2)
  3 worker ants
  A killer bee zombie (D:8)
  A gnoll (D:7)
  15 adders
  2 shadow imps
  An ooze (D:3)
  An adder zombie (D:8)
  3 adder skeletons
  A worm (D:3)
  4 dart slugs
  4 leopard geckos
  21 orcs
  5 ball pythons
  4 bats
  A bat zombie (D:3)
  6 giant cockroaches
  7 goblins
  9 hobgoblins
  9 jackals
  15 kobolds
  4 quokkas
  A ball python skeleton (D:4)
  4 frilled lizards
  A quokka skeleton (D:6)
  6 rats
  2 rat zombies (D:3)
  A fungus (Lair:3)
  2 plants
327 creatures vanquished.

Vanquished Creatures (collateral kills)
  Rupert (Lair:3)
  2 hydras
  4 two-headed ogres
  3 death yaks (Lair:6)
  Sonja (Lair:6)
  Nergalle (Lair:2)
  2 unseen horrors
  A wizard (D:13)
  2 ugly things
  A wolf spider (Lair:6)
  8 elephants
  A centaur zombie (D:13)
  A guardian serpent (Lair:6)
  3 black mambas
  2 torpor snails (Lair:6)
  6 spiny frogs
  2 komodo dragons
  A troll (D:11)
  2 polar bears
  3 tyrant leeches (Lair:6)
  4 hornets (Lair:6)
  3 blink frogs (Lair:6)
  3 dream sheep (Lair:5)
  4 hippogriffs
  8 wyverns
  20 yaks
  2 basilisks
  A hungry ghost (D:8)
  A soldier ant (D:10)
  A naga (Lair:3)
  4 water moccasins (Lair:6)
  3 porcupines
  A sky beast (D:12)
  2 orc warriors (D:12)
  An ice beast (D:8)
  A phantom (D:9)
  11 wolves
  2 ogres
  6 crocodiles
  2 centaurs
  6 bullfrogs
  A gnoll sergeant (D:7)
  A scorpion (D:11)
  4 killer bees
  2 howler monkeys (D:10)
  2 crimson imps
  A hound (D:6)
  A bullfrog skeleton (D:11)
  A centaur skeleton (D:6)
  A gnoll shaman (D:10)
  4 jellies (D:10)
  5 orc priests
  An iguana (D:12)
  5 orc wizards
  3 worker ants
  A hound skeleton (D:8)
  A worker ant zombie (D:9)
  10 gnolls
  6 oozes
  2 leopard geckos
  22 orcs
  3 kobolds
  A leopard gecko zombie (D:8)
  26 fungi
  14 plants
251 creatures vanquished.

Vanquished Creatures (others)
  A skeletal warrior (D:13)
  A flayed ghost (D:13)
  A phantasmal warrior (Lair:6)
  A black mamba (Lair:6)
  14 flying skulls
  4 vampires
  3 wraiths
  3 wights
  3 fungi (Lair:6)
  19 plants
50 creatures vanquished.

Grand Total: 628 creatures vanquished

Notes
Turn   | Place    | Note
-------+----------+-------------------------------------------
     0 | D:1      | Mrkan the Troll Monk began the quest for the Orb.
     0 | D:1      | Reached XP level 1. HP: 22/22 MP: 0/0
   162 | D:1      | Reached XP level 2. HP: 29/29 MP: 1/1
   726 | D:2      | Reached XP level 3. HP: 34/36 MP: 2/2
   736 | D:2      | Reached skill level 4 in Unarmed Combat
   780 | D:2      | Noticed Jessica
   788 | D:2      | Killed Jessica
   788 | D:2      | Reached XP level 4. HP: 41/45 MP: 3/3
   834 | D:2      | Noticed Natasha
   839 | D:2      | Killed Natasha
  1138 | D:2      | Noticed Natasha
  1150 | D:2      | Killed Natasha
  1150 | D:2      | Reached skill level 5 in Unarmed Combat
  1150 | D:2      | Reached XP level 5. HP: 46/53 MP: 4/4
  1174 | D:2      | Found a basalt altar of Yredelemnul.
  1182 | D:2      | Became a worshipper of Yredelemnul the Dark
  1182 | D:2      | Reached * piety under Yredelemnul
  1182 | D:2      | Reached ** piety under Yredelemnul
  1319 | D:3      | Noticed Grinder
  1337 | D:3      | Paralysed by Grinder for 5 turns
  1346 | D:3      | Killed Grinder
  1346 | D:3      | Reached skill level 1 in Invocations
  1346 | D:3      | Reached XP level 6. HP: 46/62 MP: 4/6
  1435 | D:3      | Reached skill level 6 in Unarmed Combat
  1537 | D:3      | Noticed Ijyb
  1545 | D:3      | Killed Ijyb
  1802 | D:3      | Found an ancient bone altar of Kikubaaqudgha.
  2080 | D:3      | Found a runed translucent door.
  2081 | D:3      | Noticed Crazy Yiuf
  2090 | D:3      | Killed Crazy Yiuf
  2211 | D:4      | Found Toaxoada's Assorted Antiques.
  2367 | D:4      | Reached XP level 7. HP: 70/70 MP: 7/7
  2422 | D:4      | Reached *** piety under Yredelemnul
  3035 | D:5      | Entered Level 5 of the Dungeon
  3495 | D:5      | Reached skill level 7 in Unarmed Combat
  3665 | D:6      | Found a staircase to the Ecumenical Temple.
  3687 | D:6      | Reached XP level 8. HP: 73/79 MP: 9/9
  3690 | D:6      | Received a gift from Yredelemnul (a wight)
  3766 | D:6      | Reached skill level 8 in Unarmed Combat
  3811 | D:6      | Found an iron altar of Okawaru.
  3875 | D:6      | Found an iron altar of Okawaru.
  3875 | D:6      | Found a burning altar of Makhleb.
  3937 | D:6      | Reached skill level 5 in Fighting
  4316 | D:7      | Reached skill level 9 in Unarmed Combat
  4325 | D:7      | Found an ornate altar of the Wu Jian Council.
  4341 | D:7      | Reached **** piety under Yredelemnul
  4444 | D:7      | Noticed Pikel
  4467 | D:7      | Killed Pikel
  4467 | D:7      | Reached XP level 9. HP: 82/89 MP: 11/11
  4688 | D:8      | Received a gift from Yredelemnul (5 flying skulls)
  4801 | D:8      | Noticed Joseph
  4821 | D:8      | Killed Joseph
  4821 | D:8      | Reached skill level 5 in Invocations
  4880 | D:8      | Reached skill level 10 in Unarmed Combat
  4887 | D:8      | Received a gift from Yredelemnul (a wraith)
  4918 | D:8      | Noticed a two-headed ogre
  4919 | D:8      | Noticed a gargoyle
  4920 | D:8      | Noticed a red ugly thing
  4928 | D:8      | Killed a two-headed ogre
  4929 | D:8      | Killed a gargoyle
  4936 | D:8      | Killed a red ugly thing
  4944 | D:8      | Reached XP level 10. HP: 59/100 MP: 13/13
  4966 | D:8      | Identified Sif Muna's Compendium of Frigorific Conjuration
  5474 | D:8      | Noticed a two-headed ogre
  5480 | D:8      | Killed a two-headed ogre
  5480 | D:8      | Reached skill level 11 in Unarmed Combat
  5850 | D:9      | Received a gift from Yredelemnul (5 flying skulls)
  5930 | D:9      | Noticed a two-headed ogre
  5949 | D:9      | Found a staircase to the Lair.
  5957 | D:9      | Killed a two-headed ogre
  6128 | D:10     | Entered Level 10 of the Dungeon
  6542 | D:10     | Reached ***** piety under Yredelemnul
  6627 | D:11     | Received a gift from Yredelemnul (a wight)
  6735 | D:11     | Reached skill level 12 in Unarmed Combat
  6770 | D:11     | Killed a two-headed ogre
  6860 | D:11     | Received a gift from Yredelemnul (a vampire)
  6863 | D:11     | Killed an unseen horror
  6863 | D:11     | Reached XP level 11. HP: 51/110 MP: 15/15
  6878 | D:11     | Noticed a red ugly thing
  6898 | D:11     | Killed a red ugly thing
  7303 | D:12     | Found a staircase to the Orcish Mines.
  7307 | D:12     | Received a gift from Yredelemnul (a wraith)
  7452 | D:12     | Found a portal to a secret trove of treasure.
  7510 | D:12     | Killed an unseen horror
  7649 | D:12     | Noticed a green ugly thing
  7656 | D:12     | Killed a green ugly thing
  7805 | D:12     | Noticed a two-headed ogre
  7806 | D:12     | Found a deep blue altar of Sif Muna.
  7811 | D:12     | Killed a two-headed ogre
  7811 | D:12     | Reached skill level 13 in Unarmed Combat
  8343 | Lair:1   | Entered Level 1 of the Lair of Beasts
  8747 | Lair:1   | Received a gift from Yredelemnul (a wight)
  9437 | Lair:2   | Noticed Nergalle
  9449 | Lair:2   | Killed Nergalle
  9979 | Lair:2   | Reached XP level 12. HP: 122/122 MP: 17/17
 10256 | Lair:3   | Noticed Rupert
 10276 | Lair:3   | Killed Rupert
 10276 | Lair:3   | Reached skill level 14 in Unarmed Combat
 10344 | Lair:3   | Got an iridescent hunting sling
 10450 | Lair:3   | Found a staircase to the Swamp.
 10460 | Lair:3   | Received a gift from Yredelemnul (a vampire)
 10767 | Lair:3   | Found a staircase to the Snake Pit.
 11782 | Lair:5   | Received a gift from Yredelemnul (a wraith)
 11991 | Lair:5   | Reached skill level 15 in Unarmed Combat
 11992 | Lair:5   | Received a gift from Yredelemnul (4 flying skulls)
 12319 | Lair:5   | Found a viscous altar of Jiyva.
 12322 | Lair:5   | Found a staircase to the Slime Pits.
 12700 | Lair:6   | Entered Level 6 of the Lair of Beasts
 12704 | Lair:6   | Noticed a death yak
 12706 | Lair:6   | Noticed a death yak
 12709 | Lair:6   | Noticed a death yak
 12709 | Lair:6   | Noticed a death yak
 12710 | Lair:6   | Noticed a death yak
 12711 | Lair:6   | Killed a death yak
 12712 | Lair:6   | Noticed a death yak
 12716 | Lair:6   | Killed a death yak
 12721 | Lair:6   | Killed a death yak
 12723 | Lair:6   | Killed a death yak
 12723 | Lair:6   | Reached skill level 10 in Invocations
 12723 | Lair:6   | Reached XP level 13. HP: 72/133 MP: 19/19
 12815 | Lair:6   | Reached ****** piety under Yredelemnul
 12820 | Lair:6   | Received a gift from Yredelemnul (a phantasmal warrior)
 12895 | Lair:6   | Noticed Sonja
 12910 | Lair:6   | Killed Sonja
 12910 | Lair:6   | Reached skill level 10 in Fighting
 13017 | Lair:6   | Received a gift from Yredelemnul (a vampire)
 13091 | Lair:6   | Found a runed translucent gate.
 13092 | Lair:6   | Found a runed translucent gate.
 13093 | Lair:6   | Found a runed translucent gate.
 13236 | Lair:6   | Received a gift from Yredelemnul (a skeletal warrior)
 13281 | Lair:6   | Found a snail-covered altar of Cheibriados.
 13365 | Lair:6   | Reached skill level 16 in Unarmed Combat
 13707 | Lair:6   | Received a gift from Yredelemnul (a vampire)
 13760 | Lair:6   | Paralysed by a hornet for 3 turns
 13808 | Lair:6   | Found a runed translucent door.
 13808 | Lair:6   | Noticed a fire dragon
 13870 | Lair:6   | Paralysed by a hornet for 2 turns
 13882 | Lair:6   | Received a gift from Yredelemnul (a flayed ghost)
 14218 | Lair:6   | Noticed Gargoyl's ghost (journeyman CeAK)
 14219 | Lair:6   | Noticed Toogi's ghost (novice FeFE)
 14963 | D:13     | Reached XP level 14. HP: 56/144 MP: 21/21
 15106 | D:13     | Shot with an arrow by a centaur warrior

Skill      XL: |  1  2  3  4  5  6  7  8  9 10 11 12 13 |
---------------+----------------------------------------+-----
Unarmed Combat | 4 5 6 7 9 10 12 13 15 16 | 16.8
Fighting       | 3 4 5 6 7 8 9 10 | 10.8
Invocations    | 1 2 3 4 6 7 8 10 11 | 11.1
Dodging        | |  2.4
Stealth        | |  1.0

Action                   |  1- 3 |  4- 6 |  7- 9 | 10-12 | 13-15 || total
-------------------------+-------+-------+-------+-------+-------++-------
Melee: Unarmed           |    66 |   143 |   235 |   430 |   206 ||  1080
       Punch             |     1 |     3 |     7 |    26 |    18 ||    55
Throw: Large rock        |       |       |       |       |     4 ||     4
Invok: Recall Undead Sla |       |       |       |     1 |     1 ||     2
  Use: Scroll            |       |     4 |     8 |     4 |     3 ||    19
       Potion            |       |       |       |       |     8 ||     8
 Stab: Sleeping          |     1 |     5 |     3 |     1 |     4 ||    14
       Distracted        |       |       |     1 |     8 |     3 ||    12
       Confused          |       |       |       |     1 |       ||     1
  Eat: Chunk             |     2 |    13 |    25 |    48 |    14 ||   102
       Ration            |     1 |       |       |     6 |     3 ||    10
Armor: Robe              |    21 |    43 |   103 |   165 |   114 ||   446
Dodge: Dodged            |    20 |    63 |   117 |   237 |    98 ||   535
